 Dungeon Crawl Stone Soup version 0.30-a0-986-g7f2e898f52 (webtiles) character file.

Game seed: 17178227569406453824

998 jimonade the Covered (level 8, -11/69 HPs)
             Began as a Hill Orc Fighter on Apr 1, 2023.
             Was a Follower of Beogh.
             Killed from afar by an acid dragon (27 damage)
             ... with a splash of acid
             ... on level 6 of the Dungeon.
             The game lasted 00:11:24 (4546 turns).

jimonade the Covered (Hill Orc Fighter)             Turns: 4546, Time: 00:11:25

Health: -11/69     AC:  7    Str: 21    XL:     8   Next: 19%
Magic:  11/11      EV:  8    Int: 14    God:    Beogh [*.....]
Gold:   239        SH:  4    Dex: 10    Spells: 7/7 levels left

rFire   . . .      SeeInvis .    a - +6 dagger (venom)
rCold   + . .      Faith    .    c - +0 buckler
rNeg    . . .      Spirit   .    s - +0 chain mail
rPois   .          Reflect  .    (no helmet)
rElec   .          Rampage  .    (no cloak)
rCorr   .                        M - +0 pair of gloves
Will    .....                    (no boots) Stlth
                                 f - amulet of regeneration
HPRegen 1.11/turn                F - +6 ring of intelligence
MPRegen 0.12/turn                K - ring of protection from cold

@: corroded
A: no striking features
a: Renounce Religion


You were on level 6 of the Dungeon.
You worshipped Beogh.
Beogh was aware of your devotion.
You visited 1 branch of the dungeon, and saw 6 of its levels.
You also visited: Sewer.

You collected 239 gold pieces.

Inventory:

Hand Weapons
 a - a +6 dagger of venom (weapon)
 k - a +0 mace
 l - a +0 war axe
 A - a +0 spear
 B - a +0 halberd
 G - a +1 vampiric dagger
 L - a +0 morningstar
Missiles
 x - 30 stones (quivered)
Armour
 b - a +0 scale mail
 c - a +0 buckler (worn)
 s - a +0 chain mail (worn)
 M - a +0 pair of gloves (worn)
Jewellery
 e - an amulet of the acrobat
 f - an amulet of regeneration (around neck)
 F - a +6 ring of intelligence (left hand)
 K - a ring of protection from cold (right hand)
Wands
 E - a wand of iceblast (6)
 H - a wand of digging (9)
Scrolls
 i - a scroll of teleportation
 q - a scroll of immolation
 y - 2 scrolls of vulnerability
 z - a scroll of magic mapping
 C - 2 scrolls of enchant weapon
Potions
 d - 2 potions of might
 g - 3 potions of attraction
 j - a potion of heal wounds {unknown}
 m - 4 potions of flight
 p - 3 potions of curing
 r - a potion of degeneration {unknown}
 t - a potion of invisibility {unknown}
 v - 2 potions of mutation {unknown}
 w - a potion of lignification {unknown}
 D - a potion of resistance {unknown}
 I - 2 potions of cancellation {unknown}
 J - a potion of magic {unknown}


   Skills:
 + Level 5.4 Fighting
 - Level 1.4 Short Blades
 + Level 4.5 Axes
 + Level 6.9 Armour
 + Level 1.1 Dodging
 + Level 0.1 Stealth
 + Level 4.6 Shields
 * Level 5.2 Invocations
 + Level 0.4 Evocations


You had 7 spell levels left.
You didn't know any spells.
Your spell library contained the following spells:

 Spells                   Type           Power      Damage    Failure   Level
 Freeze                   Ice            0%         1d3       96%         1
 Blink                    Tloc           0%         N/A       99%         2
 Cigotuvi's Dreadful Rot  Necr/Pois/Air  0%         N/A       99%         2
 Lesser Beckoning         Tloc           0%         N/A       99%         2
 Momentum Strike          Conj/Tloc      0%         3d8       99%         2
 Poisonous Vapours        Pois/Air       0%         N/A       99%         2
 Frozen Ramparts          Ice            0%         1d1       100%        3
 Hailstorm                Conj/Ice       0%         3d3       100%        3
 Mephitic Cloud           Conj/Pois/Air  0%         N/A       100%        3


Dungeon Overview and Level Annotations

Branches:
Dungeon (6/15)             Temple (0/1) D:5           Sewer (visited)

Altars:
Elyvilon
Fedhas
Nemelex Xobeh
Qazlal
Sif Muna

Shops:
D:4 =[[

Annotations:
D:3 1 runed translucent door, retardedninja's ghost, weakling AtFi
D:4 exclusion: downstairs
D:5 Blork the orc


Message History

You hear an angry hiss.
The acid dragon bites you!
The acid dragon claws you but does no damage.
You hit the acid dragon but do no damage.
The acid dragon bites you.
The acid dragon claws you but does no damage.
You hit the acid dragon but do no damage.
You closely miss the acid dragon. The acid dragon bites you!
The acid dragon barely misses you.
You closely miss the acid dragon. The acid dragon spits acid at you.
The splash of acid misses you.
You hit the acid dragon.
The acid dragon is lightly wounded.
The acid dragon bites you!
* * * LOW HITPOINT WARNING * * *
The acid dragon claws you.
* * * LOW HITPOINT WARNING * * *
You hit the acid dragon but do no damage.
The acid dragon is lightly wounded.
You block the acid dragon's attack. The acid dragon claws you.
* * * LOW HITPOINT WARNING * * *
You hit the acid dragon.
The acid dragon is poisoned.
The acid dragon is moderately wounded.
The acid dragon bites you.
* * * LOW HITPOINT WARNING * * *
The acid dragon claws you but does no damage.
You hit the acid dragon.
The acid dragon is moderately wounded.
An adder comes into view.
You block the acid dragon's attack. The acid dragon claws you.
* * * LOW HITPOINT WARNING * * *
You completely miss the acid dragon.
The acid dragon is moderately wounded.
The acid dragon closely misses you. You block the acid dragon's attack.
You hit the acid dragon.
The acid dragon is heavily wounded.
The acid dragon spits acid at you. The splash of acid hits you!!
You die...

. .. ... ...#
######....#
#...D......
###.#@##.##.
######.....##
#................^
#<#####S...##.....
### #.....# ...#
......... ..#
####.##.##. ##
..##.# # #......


You could see an acid dragon (very poisoned, catching breath) and an adder.

Vanquished Creatures
  A water moccasin (Sewer)
  An ice beast (D:5)
  2 black bears
  A scorpion (D:4)
  A howler monkey (D:5)
  2 hounds (D:4)
  A jelly (D:5)
  A sleepcap (D:5)
  Natasha (thrice) (D:2)
  2 iguanas (D:4)
  5 orc wizards (D:4)
  4 gnolls
  2 adders
  A shadow imp (D:5)
  2 worms
  4 dart slugs
  11 orcs
  10 endoplasms
  A giant cockroach (D:4)
  4 goblins
  2 hobgoblins
  6 jackals
  7 kobolds
  6 ball pythons
  3 bats
  A frilled lizard (D:1)
  5 rats
89 creatures vanquished.

Notes
Turn   | Place    | Note
-------+----------+-------------------------------------------
     0 | D:1      | jimonade the Hill Orc Fighter began the quest for the Orb.
     0 | D:1      | Reached XP level 1. HP: 19/19 MP: 1/1
   157 | D:1      | Reached XP level 2. HP: 27/27 MP: 2/2
   269 | D:1      | Reached skill level 1 in Invocations
   433 | D:1      | Reached XP level 3. HP: 33/33 MP: 3/3
   844 | D:2      | Noticed Natasha
   852 | D:2      | Killed Natasha
  1002 | D:2      | Noticed Natasha
  1011 | D:2      | Killed Natasha
  1012 | D:2      | Reached XP level 4. HP: 35/40 MP: 5/5
  1114 | D:2      | Noticed Natasha
  1120 | D:2      | Killed Natasha
  1144 | D:2      | Found a faded altar of an unknown god.
  1540 | D:3      | Noticed a black bear
  1553 | D:3      | Killed a black bear
  1554 | D:3      | Reached skill level 1 in Short Blades
  1554 | D:3      | Reached skill level 4 in Armour
  1554 | D:3      | Reached XP level 5. HP: 25/47 MP: 5/7
  1817 | D:3      | Reached XP level 6. HP: 52/53 MP: 8/8
  2211 | D:3      | Found a runed translucent door.
  2218 | D:3      | Noticed retardedninja's ghost (weakling AtFi)
  2532 | D:4      | Became a worshipper of Beogh the Brigand
  2549 | D:4      | Found a glowing drain.
  2589 | Sewer    | Entered a sewer
  2620 | Sewer    | Noticed a water moccasin
  2627 | Sewer    | Killed a water moccasin
  2628 | Sewer    | Reached skill level 5 in Armour
  2720 | D:4      | Reached XP level 7. HP: 60/60 MP: 8/10
  2806 | D:4      | Reached skill level 1 in Dodging
  2957 | D:4      | Reached skill level 5 in Fighting
  2971 | D:4      | Found Kugac's Antique Armour Boutique.
  3157 | D:4      | Reached skill level 6 in Armour
  3158 | D:4      | Reached * piety under Beogh
  3182 | D:4      | Found Dileurubb's Armour Shoppe.
  3349 | D:4      | Found Jeecerch's Jewellery Boutique.
  3487 | D:4      | Found a shimmering blue altar of Sif Muna.
  3914 | D:5      | Entered Level 5 of the Dungeon
  3994 | D:5      | Reached skill level 5 in Invocations
  3994 | D:5      | Reached XP level 8. HP: 68/68 MP: 11/11
  4185 | D:5      | Noticed Blork the orc
  4283 | D:5      | Found a staircase to the Ecumenical Temple.
  4359 | D:5      | Found a white marble altar of Elyvilon.
  4359 | D:5      | Found a blossoming altar of Fedhas.
  4369 | D:5      | Found a stormy altar of Qazlal.
  4453 | D:5      | Found a sparkling altar of Nemelex Xobeh.
  4546 | D:6      | Killed from afar by an acid dragon

Illustrated notes

Levels and vault maps discovered:
D:1:      minmay_arrival_nine_rooms, layout_basic
D:2:      layout_loops_ring, chequers_ecumenical_altar_grove, uniq_natasha
D:3:      layout_loops_corners, ebering_ghost_sewer_d,
          chequers_serial_rivers_micro_d
D:4:      layout_basic, kennysheep_orc_sif_temple, serial_shops,
          nicolae_shop_hallway_stairs, kennysheep_mini_moat, shop,
          cheibrodos_sewer_entry_drain
D:5:      layout_cave_pools, nemelex_spade_bored_becter,
          chequers_temple_overflow_statue_of_worship,
          minmay_temple_entry_statues, amcnicky_mini_pool_small,
          uniq_blork_the_orc
D:6:      layout_basic, serial_shops, shop_statue, minmay_misc_feat_tiny,
          hangedman_abyss_or_decor_lesser_grid, minmay_mini_ossuary

Skill      XL: |  1  2  3  4  5  6  7 |
---------------+----------------------+-----
Axes           | 3 4 |  4.5
Invocations    | 1 2 3 4 5 |  5.2
Fighting       | 4 5 |  5.4
Short Blades   | 1 |  1.4
Armour         | 4 5 6 |  6.9
Shields        | 4 |  4.6
Dodging        | 1 |  1.1
Stealth        | |  0.1
Evocations     | |  0.4

Action                     |  1- 3 |  4- 6 |  7- 9 || total
---------------------------+-------+-------+-------++-------
  Melee: War axe           |    43 |       |       ||    43
         Dagger            |    24 |   112 |   135 ||   271
 Invoke: Convert to Beogh  |       |     1 |       ||     1
  Evoke: Wand              |       |     3 |       ||     3
    Use: Scroll            |       |       |    10 ||    10
 Armour: Scale mail        |    18 |       |       ||    18
         Chain mail        |     9 |    34 |    77 ||   120
  Dodge: Dodged            |    24 |    27 |    33 ||    84
  Block: Buckler           |    14 |    18 |    14 ||    46

Table legend: (Time is in decaauts)
 A = Elapsed time spent in this place.
 B = Non-inter-level travel time spent in this place.
 C = Inter-level travel time spent in this place.
 D = Time resting spent in this place.
 E = Time spent auto-exploring this place.
 F = Levels seen in this place.
 G = Mean time per level.
                   A        B        C        D        E       F      G
               +--------+--------+--------+--------+--------+-----+--------+
         Total |   4580 |   4310 |    270 |    400 |   2592 |   7 |  654.3 |
       Dungeon |   4452 |   4182 |    270 |    398 |   2556 |   6 |  742.0 |
         Sewer |    128 |    128 |      0 |      2 |     36 |   1 |  128.0 |
               +--------+--------+--------+--------+--------+-----+--------+

Top non-repeatable levels by time:
     D:4: 1461 daAuts
     D:3: 923 daAuts
     D:2: 896 daAuts
     D:1: 733 daAuts
     D:5: 416 daAuts
   Sewer: 128 daAuts
     D:6: 21 daAuts
